 Dungeon Crawl Stone Soup version 0.23-a0-335-gba3dfdf (webtiles) character file.

14557 namelastname112 the Fighter (level 11, 0/106 HPs)
             Began as a Grey Draconian Wanderer on Oct 18, 2018.
             Was an Elder of Makhleb.
             Slain by a minotaur
             ... wielding a +0 scimitar of electrocution
              (8 damage)
             ... in a labyrinth.
             The game lasted 00:21:08 (13291 turns).

namelastname112 the Fighter (DrWn)                 Turns: 13291, Time: 00:21:09

Health: 0/106      AC: 23    Str: 14    XL:     11   Next: 90%
Magic:  0/11       EV: 19    Int: 14    God:    Makhleb [****..]
Gold:   823        SH:  0    Dex: 16    Spells: 10/10 levels left

rFire    + . .     SeeInvis .   E - +10 hand axe of Midsummer {venom, rPois rF+ Stlth+}
rCold    + . .     Gourm    .   (no shield)
rNeg     . . .     Faith    .   (armour unavailable)
rPois    +         Spirit   +   M - +4 hat "Pofinuf" {Stlth+}
rElec    .         Reflect  .   p - +2 cloak {rPois}
rCorr    .         Harm     .   z - +2 pair of gloves {Dex+3}
MR       +....                  k - +0 pair of boots
Stlth    ++++......             I - amulet of guardian spirit
HPRegen  0.27/turn              r - ring of protection from cold
MPRegen  0.12/turn              x - ring of protection from magic

@: no status effects
A: walk through water, unfitting armour, unbreathing, cold-blooded, AC +12
a: Minor Destruction, Lesser Servant of Makhleb, Major Destruction, Renounce
Religion


You were in a labyrinth.
You worshipped Makhleb.
Makhleb was greatly pleased with you.
You were not hungry.

You visited 2 branches of the dungeon, and saw 13 of its levels.
You also visited: Labyrinth.

You collected 823 gold pieces.

Inventory:

Hand Weapons
 b - a +2 blowgun
 o - a +3 lajatang of protection
 E - the +10 hand axe of Midsummer (weapon) {venom, rPois rF+ Stlth+}
   (You found it on level 8 of the Dungeon)

   It poisons the flesh of those it strikes.
   It protects you from fire.
   It protects you from poison.
   It makes you more stealthy.
 G - a +4 scimitar of flaming
Missiles
 a - 10 curare-tipped needles
 n - a throwing net (quivered)
 J - 12 poisoned needles
Armour
 k - a +0 pair of boots (worn)
 p - a +2 cloak of poison resistance (worn)
 z - a +2 pair of gloves of dexterity (worn)
 M - the +4 hat "Pofinuf" (worn) {Stlth+}
   (You acquired it on level 10 of the Dungeon)

   It makes you more stealthy.
Jewellery
 q - an uncursed amulet of the gourmand
 r - a ring of protection from cold (left hand)
 x - a ring of protection from magic (right hand)
 F - an uncursed ring of stealth
 I - an amulet of guardian spirit (around neck)
Wands
 t - a wand of polymorph (27)
 v - a wand of paralysis (21)
 w - a wand of iceblast (11)
 y - a wand of acid (10)
 B - a wand of flame (27)
 D - a wand of disintegration (5)
Scrolls
 e - 2 scrolls of identify
 h - 4 scrolls of blinking
 i - 4 scrolls of remove curse
 m - 2 scrolls of fear
 K - a scroll of amnesia
Potions
 d - 2 potions of heal wounds
 g - 3 potions of haste
 j - a potion of curing
 l - a potion of lignification
 s - 3 potions of agility
 u - a potion of invisibility
 C - a potion of mutation
 H - 2 potions of ambrosia
Comestibles
 f - 13 rations


   Skills:
 + Level 12.9 Fighting
 - Level 6.5 Long Blades
 - Level 3.6 Axes
 * Level 8.9 Staves
   Level 1.0 Bows
 - Level 1.0 Throwing
 + Level 10.1 Dodging
 - Level 1.0 Stealth


You had 10 spell levels left.
You didn't know any spells.
Your spell library contained the following spells:

 Spells                   Type           Power        Failure   Level  Hunger
 Confusing Touch          Hex            #.....       28%         1    ##.....
 Confuse                  Hex            #.......     65%         3    ####...
 Gell's Gravitas          Tloc           #.........   65%         3    ####...
 Petrify                  Tmut/Erth      #.......     96%         4    #####..
 Metabolic Englaciation   Hex/Ice        #.........   100%        5    ######.
 Yara's Violent Unravell  Hex/Tmut       #.........   100%        5    ######.


Dungeon Overview and Level Annotations

Branches:
Dungeon (12/15)            Temple (1/1) D:5            Lair (0/6) D:11
    Orc: D:9-12

Altars:
Cheibriados
Gozag
Hepliaklqana
Makhleb
Okawaru
Qazlal
Trog
Lugonu

Annotations:
D:9 2 transporters


Innate Abilities, Weirdness & Mutations

You can walk through water.
Your dull iron-grey scales are very hard. (AC +12)
You cannot fit into any form of body armour.
You can survive without breathing.
You are cold-blooded and may be slowed by cold attacks.


Message History

The minotaur is almost dead.
The minotaur hits you with a +0 scimitar of electrocution!
The minotaur completely misses you.
You take 8 damage, and have 47/106 hp.
You now have 5/11 mp.
You hit the minotaur.
The minotaur looks as sick as possible!
The minotaur is almost dead.
The minotaur hits you with a +0 scimitar of electrocution!
You are electrocuted!
* * * LOW HITPOINT WARNING * * *
The minotaur gores you!
* * * LOW HITPOINT WARNING * * *
You take 40 damage, and have 7/106 hp.
MASSIVE DAMAGE!!
You now have 1/11 mp.
Evoke which item? (* to show all) (? for menu, Esc to quit)
Aiming: Corrosive Bolt
Press: ? - help, Shift-Dir - straight line, f/p - minotaur
Aim: a minotaur, wielding a +0 scimitar of electrocution, wearing a +0 plate The bolt of acid hits the minotaur.
The minotaur appears unharmed.
The minotaur is almost dead.
The minotaur hits you with a +0 scimitar of electrocution!
You die...

# # . .
# ##. ##
.. . #
## #. #
... #...
.# ... .
....##
#######
#..
#.H...#
#. # #@#
#(#. .#
#.#
#.#.# ##
#.#
#.#.#..
#.# H#.
. #.#
..# #.
#.# #.
##
#.......
#### # #


You could see a minotaur.

Vanquished Creatures
  A hydra (D:10)
  Erica (D:9)
  2 centaur warriors
  2 two-headed ogres
  3 ugly things
  A gargoyle (D:11)
  A troll (D:10)
  Grinder (D:4)
  2 dream sheep (D:10)
  3 hippogriffs
  Sigmund (D:2)
  A wraith (D:10)
  A vampire (D:12)
  8 yaks (D:10)
  A hungry ghost (D:11)
  A warg (D:12)
  Edmund (D:6)
  A porcupine (D:11)
  3 water moccasins
  Duvessa (D:6)
  7 orc warriors
  3 sky beasts
  4 black bears
  2 ice beasts
  10 ogres
  5 centaurs
  4 big kobolds
  3 bullfrogs
  A gnoll sergeant (D:8)
  Dowan (D:6)
  6 scorpions
  4 killer bees (D:9)
  5 wights (D:8)
  3 howler monkeys
  4 bullfrog zombies
  A quasit (D:5)
  3 crimson imps
  A hound (D:11)
  3 jellies
  5 orc priests
  4 orc wizards
  A bullfrog skeleton (D:5)
  Crazy Yiuf (D:3)
  4 iguanas
  5 worker ants
  A hound skeleton (D:8)
  A worker ant zombie (D:8)
  Robin (D:4)
  13 adders
  12 gnolls
  An ooze (D:4)
  An adder zombie (D:5)
  An adder skeleton (D:6)
  A worm (D:1)
  A dart slug (D:3)
  5 leopard geckos
  31 orcs
  12 bats
  4 giant cockroaches
  17 goblins
  17 hobgoblins
  9 jackals
  12 kobolds
  2 ball pythons
  5 frilled lizards
  A jackal skeleton (D:5)
  A jackal zombie (D:5)
  A leopard gecko zombie (D:5)
  A quokka skeleton (D:5)
  A quokka zombie (D:6)
  11 rats
  3 fungi (D:11)
  A plant (D:11)
293 creatures vanquished.

Vanquished Creatures (others)
  An adder skeleton (D:5)
  A fungus (D:11)
  A plant (D:11)
3 creatures vanquished.

Grand Total: 296 creatures vanquished

Notes
Turn   | Place    | Note
-------+----------+-------------------------------------------
     0 | D:1      | namelastname112 the Draconian Wanderer began the quest for
                  | the Orb.
     0 | D:1      | namelastname112 set off with: 2 curare-tipped needles, a +2
                  | blowgun, a +0 hand axe, a potion of curing, a ration
     0 | D:1      | Reached XP level 1. HP: 23/23 MP: 1/1
   313 | D:1      | Reached skill level 1 in Dodging
   313 | D:1      | Reached XP level 2. HP: 27/30 MP: 2/2
  1044 | D:1      | Reached skill level 6 in Fighting
  1044 | D:1      | Reached XP level 3. HP: 31/37 MP: 3/3
  1375 | D:2      | Noticed Sigmund
  1413 | D:2      | HP: 1/37 [something (6)]
  2060 | D:2      | Killed Sigmund
  2060 | D:2      | Reached XP level 4. HP: 45/45 MP: 4/4
  2060 | D:2      | Reached XP level 5. HP: 51/51 MP: 5/5
  2074 | D:2      | Reached skill level 7 in Fighting
  2759 | D:2      | Found an iron altar of Okawaru.
  2798 | D:2      | Reached XP level 6. HP: 50/60 MP: 6/6
  2918 | D:3      | Found a stormy altar of Qazlal.
  3028 | D:3      | Found a runed door.
  3076 | D:3      | Noticed Grinder
  3092 | D:3      | Paralysed by Grinder for 6 turns
  3325 | D:3      | Found an opulent altar of Gozag.
  4217 | D:3      | Noticed Crazy Yiuf
  4224 | D:3      | Killed Crazy Yiuf
  4308 | D:4      | Paralysed by Grinder for 2 turns
  4313 | D:4      | Paralysed by Grinder for 2 turns
  4319 | D:4      | Paralysed by Grinder for 6 turns
  4331 | D:4      | Killed Grinder
  4331 | D:4      | Reached skill level 8 in Fighting
  4331 | D:4      | Your scales start taking on a dull iron-grey colour.
  4331 | D:4      | Reached XP level 7. HP: 20/68 MP: 7/7
  4331 | D:4      | Gained mutation: You can survive without breathing. [Grey
                  | Draconian growth]
  4873 | D:4      | Reached skill level 5 in Dodging
  5266 | D:4      | Found a bloodstained altar of Trog.
  5270 | D:4      | Found a burning altar of Makhleb.
  5454 | D:4      | Became a worshipper of Makhleb the Destroyer
  5730 | D:4      | Noticed Robin
  5743 | D:4      | Killed Robin
  6036 | D:5      | Entered Level 5 of the Dungeon
  6055 | D:5      | Found a staircase to the Ecumenical Temple.
  6080 | D:5      | Reached skill level 9 in Fighting
  6080 | D:5      | Reached XP level 8. HP: 42/78 MP: 8/8
  6737 | D:5      | Reached * piety under Makhleb
  7082 | D:6      | Noticed Dowan
  7083 | D:6      | Noticed Duvessa
  7097 | D:6      | Killed Duvessa
  7099 | D:6      | Killed Dowan
  7359 | Temple   | Entered the Ecumenical Temple
  7615 | Temple   | Reached skill level 10 in Fighting
  7927 | D:5      | Reached skill level 1 in Staves
  8243 | D:6      | Reached XP level 9. HP: 78/85 MP: 9/9
  8254 | D:6      | Noticed Edmund
  8287 | D:6      | Killed Edmund
  9193 | D:7      | Reached ** piety under Makhleb
  9293 | D:7      | Reached skill level 5 in Staves
  9874 | D:8      | Reached skill level 11 in Fighting
 10125 | D:8      | Reached XP level 10. HP: 90/95 MP: 10/10
 10231 | D:8      | Got a pitted hand axe
 10232 | D:8      | Identified the +10 hand axe of Midsummer {venom, rPois rF+
                  | Stlth+} (You found it on level 8 of the Dungeon)
 10596 | D:9      | Found a snail-covered altar of Cheibriados.
 10670 | D:9      | Found a transporter.
 10670 | D:9      | Noticed a cyan ugly thing
 10670 | D:9      | Noticed a white ugly thing
 10671 | D:9      | Found a corrupted altar of Lugonu.
 10671 | D:9      | Noticed a green ugly thing
 10818 | D:9      | Noticed Erica
 10828 | D:9      | Killed Erica
 10871 | D:9      | Found a transporter.
 11016 | D:9      | Reached skill level 1 in Long Blades
 11081 | D:9      | Reached *** piety under Makhleb
 11322 | D:10     | Entered Level 10 of the Dungeon
 11636 | D:10     | Reached skill level 12 in Fighting
 11637 | D:10     | Reached skill level 5 in Long Blades
 11706 | D:10     | Noticed a two-headed ogre
 11718 | D:10     | Killed a two-headed ogre
 11718 | D:10     | Reached XP level 11. HP: 79/104 MP: 8/11
 11876 | D:10     | Noticed a three-headed hydra
 11881 | D:10     | Killed a one-headed hydra
 12002 | D:10     | Identified 3 scrolls of acquirement
 12007 | D:10     | Got a jewelled hat
 12013 | D:10     | Identified the +4 hat "Pofinuf" {Stlth+} (You acquired it
                  | on level 10 of the Dungeon)
 12120 | D:11     | Noticed a red ugly thing
 12120 | D:11     | Noticed a centaur warrior
 12139 | D:11     | Killed a red ugly thing
 12146 | D:11     | Killed a centaur warrior
 12342 | D:11     | Found a staircase to the Lair.
 12636 | D:11     | Reached **** piety under Makhleb
 12949 | D:12     | Noticed a brown ugly thing
 12962 | D:12     | Killed a brown ugly thing
 12965 | D:12     | Noticed a centaur warrior
 12978 | D:12     | Killed a centaur warrior
 12978 | D:12     | Reached skill level 10 in Dodging
 12991 | D:12     | Noticed a cyan ugly thing
 13051 | D:12     | Noticed a two-headed ogre
 13051 | D:12     | Noticed a cyan ugly thing
 13059 | D:12     | Killed a cyan ugly thing
 13069 | D:12     | Killed a two-headed ogre
 13111 | D:12     | Found a labyrinth entrance.
 13119 | Lab      | Entered a labyrinth
 13269 | Lab      | Noticed a minotaur
 13291 | Lab      | Slain by a minotaur

Vault maps used:
D:1:      minmay_arrival_doors
D:2:      okawaru_trees_1, first_ration, uniq_sigmund
D:3:      nicolae_gozag_cash_rules_everything_around_me, grunt_qazlal_sundering,
          uniq_grinder, uniq_crazy_yiuf_cottage
D:4:      minitemple, uniq_robin
D:5:      minmay_temple_entry_statues_pillars
D:6:      uniq_edmund, uniq_duvessa
D:8:      minmay_weird_star
D:9:      gammafunk_corrupted_shrine, lemuel_coloured_pillars_altar, uniq_erica
D:10:     hangedman_ranch
D:11:     grunt_lair_entry_orc_guard_hut
D:12:     david_orc_1_choice, enter_trove_0, lab_entry_generic
Temple:   nicolae_temple_elliptical
Lab:      labyrinth_spiral, nicolae_lab_do_over, labyrinth_skeletal_remains

Skill      XL: |  1  2  3  4  5  6  7  8  9 10 11 |
---------------+----------------------------------+-----
Dodging        | 1 3 4 5 7 8 9 10 | 10.1
Fighting       | 6 7 8 9 10 11 12 | 12.9
Staves         | 3 6 8 |  8.9
Axes           | 3 |  3.6
Long Blades    | 5 6 |  6.5
Bows           | |  1.0
Throwing       | |  1.0
Stealth        | |  1.0

Action                   |  1- 3 |  4- 6 |  7- 9 | 10-12 || total
-------------------------+-------+-------+-------+-------++-------
Melee: Hand axe          |    69 |       |       |   344 ||   413
       Tailslap          |    16 |    27 |    51 |    57 ||   151
       Dagger            |   103 |   132 |       |       ||   235
       Mace              |       |    67 |       |       ||    67
       Quarterstaff      |       |    13 |   404 |     2 ||   419
       Scimitar          |       |       |       |     7 ||     7
Evoke: Wand              |       |       |       |     5 ||     5
  Use: Potion            |     2 |     1 |       |       ||     3
       Scroll            |       |       |    11 |    10 ||    21
 Stab: Paralysed         |       |       |    10 |       ||    10
       Sleeping          |       |       |     4 |     6 ||    10
       Confused          |       |       |     1 |       ||     1
  Eat: Chunk             |     1 |     5 |    15 |    10 ||    31
       Ration            |     1 |     1 |     1 |     1 ||     4
Armor: Skin              |    58 |    46 |   175 |   139 ||   418
Dodge: Dodged            |   116 |   177 |   358 |   340 ||   991
       Rpst.: Scimitar   |       |       |       |     1 ||     1

Table legend:
 A = Non-vault XP
 B = Vault XP
 C = Vault XP percentage of total XP
 D = Non-vault monster count
 E = Vault monster count
 F = Vault count percentage of total count
                 A         B        C        D         E       F
            +---------+---------+-------+---------+---------+-------
      Total |   15986 |    4811 |  23.1 |     259 |      31 |  10.7
            +---------+---------+-------+---------+---------+-------
        D:1 |      67 |       0 |   0.0 |      29 |       0 |   0.0
        D:2 |      98 |     220 |  69.2 |      29 |       1 |   3.3
        D:3 |     165 |      37 |  18.3 |      35 |       1 |   2.8
        D:4 |     343 |     319 |  48.2 |      15 |      11 |  42.3
        D:5 |     571 |       0 |   0.0 |      20 |       0 |   0.0
        D:6 |    1506 |     373 |  19.9 |      30 |       3 |   9.1
        D:7 |     931 |       0 |   0.0 |       8 |       0 |   0.0
        D:8 |    1138 |       0 |   0.0 |      25 |       0 |   0.0
        D:9 |    1302 |     918 |  41.4 |      22 |       1 |   4.3
       D:10 |    3789 |    2195 |  36.7 |      24 |       8 |  25.0
       D:11 |    2868 |     583 |  16.9 |      15 |       5 |  25.0
       D:12 |    3134 |     166 |   5.0 |       5 |       1 |  16.7
     Temple |      74 |       0 |   0.0 |       2 |       0 |   0.0
            +---------+---------+-------+---------+---------+-------
